 Dungeon Crawl Stone Soup version 0.26.1-11-gd32895ea62 (webtiles) character file.

Game seed: 9565520320065319099

60 Descartes the Ducker (level 3, -2/15 HPs)
             Began as a Felid Transmuter on June 30, 2021.
             Slain by a gnoll
             ... wielding a +0 spear
              (10 damage)
             ... on level 2 of the Dungeon.
             The game lasted 00:03:52 (2446 turns).

Descartes the Ducker (Felid Transmuter)             Turns: 2446, Time: 00:03:52

Health: -2/15      AC:  1    Str:  7    XL:     3   Next: 80%
Magic:  7/7        EV: 19    Int: 14    God:
Gold:   155        SH:  0    Dex: 16    Spells: 3/6 levels left
                                        Lives:  0   Deaths: 1

rFire    . . .     SeeInvis +     - Unarmed
rCold    . . .     Faith    .   (shield unavailable)
rNeg     . . .     Spirit   .   (armour unavailable)
rPois    .         Reflect  .   (helmet unavailable)
rElec    .         Harm     .   (cloak unavailable)
rCorr    .         Rampage  .   (gloves unavailable)
Will     .....                  (boots unavailable)
Stlth    +++.......             (no amulet)
HPRegen  0.05/turn              (no ring)
MPRegen  0.10/turn              (no ring)

@: quick
A: very small, no armour, no weapons or thrown items, stealth, claws 1, fangs 3,
see invisible, speed 1, shaggy fur 1, sharp paws
a: no special abilities


You were on level 2 of the Dungeon.
You visited 1 branch of the dungeon, and saw 2 of its levels.

You collected 155 gold pieces.

Inventory:

Missiles
 i - 77 stones
Scrolls
 c - 2 scrolls of identify {unknown}
 e - 2 scrolls of remove curse {unknown}
 g - a scroll of enchant armour {unknown}
 h - a scroll of blinking {unknown}
 j - a scroll of fear {unknown}
Potions
 a - 2 potions of heal wounds
 b - 2 potions of cancellation {unknown}
 d - a potion of attraction {unknown}
 f - a potion of brilliance {unknown}


   Skills:
 - Level 1.0 Fighting
 + Level 3.9 Dodging
 + Level 2.9 Stealth
 + Level 3.8 Unarmed Combat
 - Level 2.0 Spellcasting
 + Level 3.2 Transmutations


You had 3 spell levels left.
You knew the following spells:

 Your Spells              Type           Power        Failure   Level
a - Beastly Appendage     Tmut           20%          6%          1
b - Wereblood             Tmut           10%          10%         2

Your spell library contained the following spells:

 Spells                   Type           Power        Failure   Level
 Spider Form              Tmut/Pois      2%           36%         3
 Ice Form                 Ice/Tmut       5%           77%         4
 Blade Hands              Tmut           5%           87%         5


Dungeon Overview and Level Annotations

Branches:
Dungeon (2/15)

Altars:


Innate Abilities, Weirdness & Mutations

You cannot wear armour.
You are incapable of wielding weapons or throwing items.
Your paws allow you to move quietly. (Stealth)
You have sharp claws.
You have razor-sharp teeth.
You have supernaturally acute eyesight. (SInv)
You cover ground quickly.
You are covered in fur. (AC +1)
Your sharp claws are effective at attacking unaware monsters.


Message History

The gnoll closely misses you.
You claw the gnoll! You headbutt the gnoll.
You kill the gnoll!
Your transformation is almost over.
You closely miss the gnoll. Your headbutt misses the gnoll.
Your horns disappear.
You scratch the gnoll.
The gnoll is lightly wounded.
The gnoll closely misses you. x2
You scratch the gnoll.
The gnoll is moderately wounded.
The gnoll hits you with a +0 flail. The gnoll completely misses you.
You closely miss the gnoll. Your bite misses the gnoll.
The gnoll is moderately wounded.
The gnoll barely misses you. The gnoll completely misses you.
You scratch the gnoll but do no damage.
The gnoll is moderately wounded.
The gnoll hits you from afar with a +0 spear!
Ouch! That really hurt!
You die...

####### #.....# #.###.#####
#...#.....# ###.#####.# #.# #.#
#.# #.# ####### # #.# #@# #......
# #.# #g######## #...... ##
#.#####g#.#....###......
.#########....##.#...............
##.........##.##.#...............
##.........##.#..#...............
...........+..#..........###.....
#..........####..#.#######.+.....
#.#####'#####....#(# #.#.....


You could see 2 gnolls.

Vanquished Creatures
  2 gnolls (D:2)
  4 adders (D:2)
  3 dart slugs (D:1)
  2 leopard geckos (D:1)
  2 giant cockroaches (D:2)
  8 goblins
  3 hobgoblins (D:2)
  2 jackals (D:1)
  6 kobolds
  2 quokkas (D:2)
  4 bats
  3 frilled lizards
  4 rats
45 creatures vanquished.

Notes
Turn   | Place    | Note
-------+----------+-------------------------------------------
     0 | D:1      | Descartes the Felid Transmuter began the quest for the Orb.
     0 | D:1      | Reached XP level 1. HP: 9/9 MP: 4/4
   563 | D:1      | Reached skill level 1 in Stealth
   616 | D:1      | Reached XP level 2. HP: 12/12 MP: 4/6
  1330 | D:2      | Reached XP level 3. HP: 15/15 MP: 5/7
  1819 | D:2      | Reached XP level 4. HP: 17/19 MP: 6/8
  1937 | D:2      | Learned a level 2 spell: Wereblood
  2388 | D:2      | Slain by a gnoll
  2389 | D:2      | Reached XP level 3. HP: 0/15 MP: 7/7
  2446 | D:2      | Slain by a gnoll

Illustrated notes

Levels and vault maps discovered:
D:1:      matt_arrival_spirals, layout_rooms
D:2:      layout_basic

Skill      XL: |  1  2  3 |
---------------+----------+-----
Dodging        | 3 |  3.9
Stealth        | 1 2 |  2.9
Transmutations | 3 |  3.2
Fighting       | |  1.0
Unarmed Combat | |  3.8
Spellcasting   | |  2.0

Action                   |  1- 3 |  4- 6 || total
-------------------------+-------+-------++-------
Melee: Unarmed           |   114 |    26 ||   140
       Headbutt          |    13 |     6 ||    19
       Bite              |     9 |     1 ||    10
       Punch             |     1 |       ||     1
 Cast: Beastly Appendage |    24 |     6 ||    30
  Use: Potion            |     1 |       ||     1
 Stab: Sleeping          |     2 |     3 ||     5
Armor: Skin              |     7 |     1 ||     8
Dodge: Dodged            |   114 |    21 ||   135
